 Dungeon Crawl Stone Soup version 0.31-a0-164-g2312942fda (webtiles) character file.

Game seed: 11706449349502798058

8 Edyrem the Trooper (level 2, -2/19 HPs)
             Began as a Gargoyle Fighter on June 14, 2023.
             Frozen to death by an endoplasm (3 damage)
             ... on level 1 of the Dungeon.
             The game lasted 00:00:23 (86 turns).

Edyrem the Trooper (Gargoyle Fighter)                 Turns: 86, Time: 00:00:24

Health: -2/19      AC:  9    Str: 19    XL:     2   Next: 8%
Magic:  2/2        EV:  9    Int:  8    God:
Gold:   0          SH:  4    Dex:  9    Spells: 1/1 levels left

rFire   . . .        a - +0 flail
rCold   . . .        c - +0 buckler
rNeg    + . .        b - +0 scale mail
rPois   ∞            (no helmet)
rElec   +            (no cloak)
rCorr   .            (no gloves)
SInv    .            (no boots)
Will    .....        (no amulet) Stlth
                     (no ring)
HPRegen 0.23/turn    (no ring)
MPRegen 0.08/turn

%: no passive effects
@: no status effects
A: sickness immunity, AC +2, negative energy resistance 1, electricity
resistance, torment resistance 1, petrification resistance
a: no special abilities


You were on level 1 of the Dungeon.
You visited 1 branch of the dungeon, and saw 1 of its levels.

Inventory:

Hand Weapons
 a - a +0 flail (weapon)
Armour
 b - a +0 scale mail (worn)
 c - a +0 buckler (worn)
Potions
 d - a potion of might
 e - a potion of curing {unknown}


   Skills:
 + Level 3.4 Fighting
 * Level 2.3 Maces & Flails
 + Level 3.4 Armour
 + Level 3.4 Shields


You had one spell level left.
You didn't know any spells.
Your spell library was empty.

Dungeon Overview and Level Annotations

Branches:
Dungeon (1/15)

Altars:


Innate Abilities, Weirdness & Mutations

You are immune to sickness and miasma.
Your stone body is resilient. (AC +2)
You are immune to poison.
You resist negative energy. (rN+)
You are resistant to electric shocks. (rElec)
You are resistant to unholy torment.
You are immune to petrification.


Message History

A goblin comes into view. It is wielding a +0 dagger.
A hobgoblin comes into view.
The hobgoblin shouts!
A kobold comes into view. It is wielding a +1 dagger of pain.
An endoplasm comes into view.
The endoplasm quivers.
You block the hobgoblin's attack.
You barely miss the hobgoblin. The hobgoblin hits you.
You sock the goblin!
You kill the goblin!
You block the hobgoblin's attack. The hobgoblin closely misses you.
You closely miss the hobgoblin. The hobgoblin hits you.
The hobgoblin hits you but does no damage. x2
The endoplasm closely misses you. The hobgoblin hits you.
You closely miss the hobgoblin. The endoplasm closely misses you.
The hobgoblin hits you but does no damage.
You block the hobgoblin's attack.
You barely miss the hobgoblin. The endoplasm freezes you.
You are frozen.
The hobgoblin hits you but does no damage.
You block the hobgoblin's attack.
You barely miss the hobgoblin.
The endoplasm hits you but does no damage.
The hobgoblin hits you but does no damage.
The hobgoblin barely misses you.
The endoplasm hits you but does no damage.
The hobgoblin hits you.
* * * LOW HITPOINT WARNING * * *
The hobgoblin hits you but does no damage.
You barely miss the hobgoblin. The endoplasm freezes you.
You are frozen.
* * * LOW HITPOINT WARNING * * *
The hobgoblin hits you but does no damage. x2
You sock the hobgoblin!
You kill the hobgoblin!
The endoplasm freezes you.
You are frozen.
You die...

#. >...... #.
#.##.# # ##.##
#..... . ...###
####.# #. #.#.##
##)#
####.#####..#.##
#...
........##.###.##
#... ......J.#.##
##.## #...
...).Kg@†##
##.####...
......#.#.#
##.#....... .....
#.#..# #..........
....
..#...#.#.#.......
...
.#.#.......#####...
.. ....##...###
#... . .. ...##.##
#... ### ##. #.#
#... ##.#


You could see an endoplasm, a hobgoblin and a kobold.

Vanquished Creatures
  2 goblins (D:1)
  A hobgoblin (D:1)
  3 jackals (D:1)
  A kobold (D:1)
7 creatures vanquished.

Notes
Turn   | Place    | Note
-------+----------+-------------------------------------------
     0 | D:1      | Edyrem the Gargoyle Fighter began the quest for the Orb.
     0 | D:1      | Reached XP level 1. HP: 14/14 MP: 1/1
    47 | D:1      | Reached XP level 2. HP: 19/19 MP: 2/2
    86 | D:1      | Frozen to death by an endoplasm

Illustrated notes

Levels and vault maps discovered:
D:1:      dpeg_arrival_pond, layout_loops_cross,
          shapermc_ecumenical_altar_acropolis

Action                     || total
---------------------------++-------
  Melee: Flail             ||    41
 Armour: Scale mail        ||    36
  Dodge: Dodged            ||    25
  Block: Buckler           ||    10

Table legend: (Time is in decaauts)
 A = Elapsed time spent in this place.
 B = Non-inter-level travel time spent in this place.
 C = Inter-level travel time spent in this place.
 D = Time resting spent in this place.
 E = Time spent auto-exploring this place.
 F = Levels seen in this place.
 G = Mean time per level.
                   A        B        C        D        E       F      G
               +--------+--------+--------+--------+--------+-----+--------+
         Total |     99 |     99 |      0 |      0 |     29 |   1 |   99.0 |
       Dungeon |     99 |     99 |      0 |      0 |     29 |   1 |   99.0 |
               +--------+--------+--------+--------+--------+-----+--------+

Top non-repeatable levels by time:
     D:1: 99 daAuts
